| TOP OF THE 1ST |
|
Great Falls Voyagers batting - Pitching for Greeneville Astros : LHP Manny Muniz
|
|
Pitching: LHP Manny Muniz
|
|
|
Batting: RHB Andy Cotton
|
0-0: Ball 1-0: Swinging Strike 1-1: Ball 2-1: Foul Ball, location: 2F 2-2: Ball 3-2: Strikes out swinging
|
|
Batting: RHB Mitch Cuadros
|
0-0: Ball 1-0: Foul Ball, location: 2F 1-1: Foul Ball, location: 2F 1-2: DOUBLE (Line Drive, 9LS, EV 103.1 MPH)
|
|
Batting: RHB Jake Feinstein
|
0-0: Called Strike 0-1: Ball 1-1: Ball 2-1: Ball 3-1: Base on Balls
|
|
Batting: RHB Billy Grubbs
|
0-0: Ball 1-0: Ball 2-0: Called Strike 2-1: Foul Ball, location: 2F 2-2: Ball 3-2: Foul Ball, location: 2F 3-2: SINGLE (Line Drive, 7LS, EV 95.0 MPH) Mitch Cuadros to third Jake Feinstein to second
|
|
Batting: RHB Brad Adams Jr.
|
0-0: Called Strike 0-1: Ball 1-1: Ball 2-1: Foul Ball, location: 2F 2-2: Fielders Choice at 2nd, 5-4 (Groundball, 25, EV 85.0 MPH) Mitch Cuadros scores Jake Feinstein to third
|
|
Batting: RHB Enrique Gomez
|
0-0: Ball 1-0: Fly out, F9 (Line Drive, 9, EV 91.2 MPH)
|
| Top of the 1st over - 1 run, 2 hits, 0 errors, 2 left on base; Great Falls 1 - Greeneville 0 |
| BOTTOM OF THE 1ST |
|
Greeneville Astros batting - Pitching for Great Falls Voyagers : RHP Mark Fedor
|
|
Pitching: RHP Mark Fedor
|
|
|
Batting: LHB Bert Middleton
|
0-0: Fly out, F9 (Flyball, 89S, EV 93.1 MPH)
|
|
Batting: RHB Bill Borden
|
0-0: Ground out 5-3 (Groundball, 56, EV 105.0 MPH)
|
|
Batting: LHB Josh Glass
|
0-0: Ball 1-0: Called Strike 1-1: Ground out 1-3 (Groundball, 15, EV 65.6 MPH)
|
| Bottom of the 1st over - 0 runs, 0 hits, 0 errors, 0 left on base; Great Falls 1 - Greeneville 0 |
| TOP OF THE 2ND |
|
Great Falls Voyagers batting - Pitching for Greeneville Astros : LHP Manny Muniz
|
|
Batting: RHB Bill Stern
|
0-0: Swinging Strike 0-1: Ball 1-1: Called Strike 1-2: Ball 2-2: Ball 3-2: Base on Balls
|
|
Batting: RHB David Cortez
|
0-0: Foul Ball, location: 2F 0-1: Ball 1-1: Foul Ball, location: 2F 1-2: Ball 2-2: Foul Ball, location: 2F 2-2: Foul Ball, location: 2F 2-2: Ball 3-2: SINGLE (Groundball, 56D, EV 104.4 MPH) Bill Stern to second
|
|
Batting: RHB Dave Dominguez
|
0-0: Ball 1-0: Foul Ball, location: 2F 1-1: Fly out, F7 (Line Drive, 7, EV 111.2 MPH)
|
|
Batting: RHB Andy Cotton
|
0-0: Foul Ball, location: 2F 0-1: Ball 1-1: Fielders Choice at 2nd, 5-4 (Groundball, 5, EV 93.1 MPH) Bill Stern to third
|
|
Batting: RHB Mitch Cuadros
|
0-0: Called Strike 0-1: Ball 1-1: Foul Ball, location: 2F 1-2: Ball 2-2: Foul Ball, location: 2F 2-2: Foul Ball, location: 2F 2-2: Ball Wild Pitch! Bill Stern scores Andy Cotton to second 3-2: Foul Ball, location: 2F 3-2: Base on Balls
|
|
Batting: RHB Jake Feinstein
|
0-0: Called Strike 0-1: Ball 1-1: Swinging Strike 1-2: Ball 2-2: Foul Ball, location: 2F 2-2: Ball 3-2: Strikes out swinging
|
| Top of the 2nd over - 1 run, 1 hit, 0 errors, 2 left on base; Great Falls 2 - Greeneville 0 |
| BOTTOM OF THE 2ND |
|
Greeneville Astros batting - Pitching for Great Falls Voyagers : RHP Mark Fedor
|
|
Batting: LHB Guadalupe Gonzalez
|
0-0: Called Strike 0-1: Called Strike 0-2: Strikes out swinging
|
|
Batting: SHB Rory Mozer
|
0-0: Foul Ball, location: 2F 0-1: Called Strike 0-2: Foul Ball, location: 2F 0-2: SINGLE (Popup, 6MD, EV 53.1 MPH)
|
|
Batting: LHB Bob Neale
|
0-0: Fly out, F8 (Flyball, 8RD, EV 105.0 MPH)
|
|
Batting: RHB Josh Reisner
|
0-0: Swinging Strike 0-1: Ball 1-1: Foul Ball, location: 2RF, Error on foul ball, E2 1-2: Ball Wild Pitch! Rory Mozer to second 2-2: Foul Ball, location: 2F 2-2: Fly out, F7 (Flyball, 7D, EV 101.9 MPH)
|
| Bottom of the 2nd over - 0 runs, 1 hit, 1 error, 1 left on base; Great Falls 2 - Greeneville 0 |
| TOP OF THE 3RD |
|
Great Falls Voyagers batting - Pitching for Greeneville Astros : LHP Manny Muniz
|
|
Batting: RHB Billy Grubbs
|
0-0: Ball 1-0: SOLO HOME RUN (Flyball, 7LD, EV 93.1 MPH), Distance : 349 ft
|
|
Batting: RHB Brad Adams Jr.
|
0-0: Called Strike 0-1: Foul Ball, location: 2F 0-2: DOUBLE (Line Drive, 9LS, EV 93.8 MPH)
|
|
Batting: RHB Enrique Gomez
|
0-0: Called Strike 0-1: Foul Ball, location: 2F 0-2: Hit by Pitch
|
|
Batting: RHB Bill Stern
|
0-0: Foul Ball, location: 2F 0-1: Swinging Strike 0-2: Strikes out swinging
|
|
Batting: RHB David Cortez
|
0-0: Called Strike 0-1: Ball 1-1: Ball 2-1: Ball 3-1: Base on Balls Brad Adams Jr. to third Enrique Gomez to second
|
|
Pitching: LHP Jeremy Mellott
|
|
|
Batting: RHB Dave Dominguez
|
0-0: Ball 1-0: Called Strike 1-1: Called Strike 1-2: Strikes out swinging
|
|
Batting: RHB Andy Cotton
|
0-0: Foul Ball, location: 2F 0-1: Ball Wild Pitch! Brad Adams Jr. scores Enrique Gomez to third David Cortez to second 1-1: Ball 2-1: Ball 3-1: Foul Ball, location: 2F 3-2: Strikes out swinging
|
| Top of the 3rd over - 2 runs, 2 hits, 0 errors, 2 left on base; Great Falls 4 - Greeneville 0 |
| BOTTOM OF THE 3RD |
|
Greeneville Astros batting - Pitching for Great Falls Voyagers : RHP Mark Fedor
|
|
Batting: RHB Fernando Acosta
|
0-0: Called Strike 0-1: Swinging Strike 0-2: Ground out 1-3 (Groundball, 15S, EV 72.5 MPH)
|
|
Batting: RHB Kenny Beall
|
0-0: Ball 1-0: Called Strike 1-1: Called Strike 1-2: Foul Ball, location: 2F 1-2: Fly out, F9 (Flyball, 9D, EV 78.1 MPH)
|
|
Batting: LHB Bert Middleton
|
0-0: Swinging Strike 0-1: Ball 1-1: Ball 2-1: Foul Ball, location: 2F 2-2: Foul Ball, location: 2F 2-2: Strikes out looking
|
| Bottom of the 3rd over - 0 runs, 0 hits, 0 errors, 0 left on base; Great Falls 4 - Greeneville 0 |
| TOP OF THE 4TH |
|
Great Falls Voyagers batting - Pitching for Greeneville Astros : LHP Jeremy Mellott
|
|
Batting: RHB Mitch Cuadros
|
0-0: Foul Ball, location: 2F 0-1: Swinging Strike 0-2: Ball 1-2: Ball 2-2: Foul Ball, location: 2F 2-2: Ball 3-2: Base on Balls
|
|
Batting: RHB Jake Feinstein
|
0-0: 2-RUN HOME RUN (Flyball, 7D, EV 101.2 MPH), Distance : 381 ft
|
|
Batting: RHB Billy Grubbs
|
0-0: Ball 1-0: Swinging Strike 1-1: Foul Ball, location: 2F 1-2: Fly out, F9 (Flyball, 9D, EV 89.4 MPH)
|
|
Batting: RHB Brad Adams Jr.
|
0-0: Ball 1-0: Ball 2-0: Called Strike 2-1: Foul Ball, location: 2F 2-2: SINGLE (Groundball, 34D, EV 96.2 MPH)
|
|
Batting: RHB Enrique Gomez
|
0-0: Ball Wild Pitch! Brad Adams Jr. to second 1-0: Ball 2-0: Called Strike 2-1: Ball 3-1: Base on Balls
|
|
Batting: RHB Bill Stern
|
0-0: Called Strike 0-1: Ball 1-1: Foul Ball, location: 2F 1-2: Strikes out swinging
|
|
Batting: RHB David Cortez
|
0-0: Foul Ball, location: 2F 0-1: Ball Wild Pitch! Brad Adams Jr. to third Enrique Gomez to second 1-1: Foul Ball, location: 2F 1-2: Strikes out swinging
|
| Top of the 4th over - 2 runs, 2 hits, 0 errors, 2 left on base; Great Falls 6 - Greeneville 0 |
| BOTTOM OF THE 4TH |
|
Greeneville Astros batting - Pitching for Great Falls Voyagers : RHP Mark Fedor
|
|
Batting: RHB Bill Borden
|
0-0: Fly out, F7 (Line Drive, 7S, EV 90.6 MPH)
|
|
Batting: LHB Josh Glass
|
0-0: Foul Ball, location: 2F 0-1: Ball 1-1: Ball 2-1: Foul Ball, location: 2F 2-2: Foul Ball, location: 2F 2-2: Ball 3-2: Ground out 4-3 (Groundball, 4, EV 89.4 MPH)
|
|
Batting: LHB Guadalupe Gonzalez
|
0-0: SOLO HOME RUN (Flyball, 9LD, EV 95.0 MPH), Distance : 349 ft
|
|
Batting: SHB Rory Mozer
|
0-0: Swinging Strike 0-1: Ball 1-1: Ball 2-1: SINGLE (Line Drive, 4MD, EV 98.8 MPH)
|
|
Batting: LHB Bob Neale
|
0-0: Ground out 5-3 (Groundball, 56S, EV 78.8 MPH)
|
| Bottom of the 4th over - 1 run, 2 hits, 0 errors, 1 left on base; Great Falls 6 - Greeneville 1 |
| TOP OF THE 5TH |
|
Great Falls Voyagers batting - Pitching for Greeneville Astros : LHP Jeremy Mellott
|
|
Batting: RHB Dave Dominguez
|
0-0: Ball 1-0: Ball 2-0: Called Strike 2-1: Fly out, F8 (Flyball, 78M, EV 88.8 MPH)
|
|
Batting: RHB Andy Cotton
|
0-0: Foul Ball, location: 2F 0-1: Ball 1-1: Foul Ball, location: 2F 1-2: Ball 2-2: Ball 3-2: Ground out 5-3 (Groundball, 56, EV 85.0 MPH)
|
|
Batting: RHB Mitch Cuadros
|
0-0: Ball 1-0: SOLO HOME RUN (Flyball, 9D, EV 96.9 MPH), Distance : 358 ft
|
|
Batting: RHB Jake Feinstein
|
0-0: Ball 1-0: Foul Ball, location: 2F 1-1: Ball 2-1: Foul Ball, location: 2F 2-2: Ball 3-2: Base on Balls
|
|
Pitching: LHP Chase Smith
|
|
|
Batting: RHB Billy Grubbs
|
0-0: Foul Ball, location: 2F 0-1: Fly out, F9 (Flyball, 9LD, EV 96.9 MPH)
|
| Top of the 5th over - 1 run, 1 hit, 0 errors, 1 left on base; Great Falls 7 - Greeneville 1 |
| BOTTOM OF THE 5TH |
|
Greeneville Astros batting - Pitching for Great Falls Voyagers : RHP Mark Fedor
|
|
Batting: RHB Josh Reisner
|
0-0: Fly out, F9 (Flyball, 9LSF, EV 92.5 MPH)
|
|
Batting: RHB Fernando Acosta
|
0-0: Ball 1-0: Ball 2-0: Called Strike 2-1: Foul Ball, location: 2F 2-2: Foul Ball, location: 2F 2-2: Foul Ball, location: 2F 2-2: Strikes out looking
|
|
Batting: RHB Kenny Beall
|
0-0: Ball 1-0: Foul Ball, location: 2F 1-1: Ball 2-1: Fly out, F3 (Popup, 34, EV 59.4 MPH)
|
| Bottom of the 5th over - 0 runs, 0 hits, 0 errors, 0 left on base; Great Falls 7 - Greeneville 1 |
| TOP OF THE 6TH |
|
Great Falls Voyagers batting - Pitching for Greeneville Astros : LHP Chase Smith
|
|
Batting: RHB Brad Adams Jr.
|
0-0: Ball 1-0: Ball 2-0: Foul Ball, location: 2F 2-1: Ball 3-1: Foul Ball, location: 2F 3-2: Foul Ball, location: 2F 3-2: Base on Balls
|
|
Batting: RHB Enrique Gomez
|
0-0: Foul Ball, location: 2F 0-1: Fielders Choice at 2nd, 5-4 (Groundball, 5L, EV 90.0 MPH)
|
|
Batting: RHB Bill Stern
|
0-0: Ball 1-0: Foul Ball, location: 2F 1-1: Called Strike 1-2: Ball 2-2: SINGLE (Groundball, 34S, EV 81.9 MPH) (infield hit) Enrique Gomez to second
|
|
Batting: RHB David Cortez
|
0-0: Swinging Strike 0-1: Swinging Strike 0-2: Strikes out swinging
|
|
Batting: RHB Dave Dominguez
|
0-0: Fielders Choice at 2nd, 5-4 (Groundball, 5, EV 102.5 MPH)
|
| Top of the 6th over - 0 runs, 1 hit, 0 errors, 2 left on base; Great Falls 7 - Greeneville 1 |
| BOTTOM OF THE 6TH |
|
Greeneville Astros batting - Pitching for Great Falls Voyagers : RHP Mark Fedor
|
|
Batting: LHB Bert Middleton
|
0-0: Swinging Strike 0-1: Ball 1-1: Foul Ball, location: 2F 1-2: Strikes out swinging
|
|
Batting: RHB Bill Borden
|
0-0: Swinging Strike 0-1: Swinging Strike 0-2: Ball 1-2: Ball 2-2: Ball 3-2: Strikes out swinging
|
|
Batting: LHB Josh Glass
|
0-0: Swinging Strike 0-1: SINGLE (Groundball, 34S, EV 70.0 MPH) (infield hit)
|
|
Batting: LHB Guadalupe Gonzalez
|
0-0: Ball 1-0: Ball 2-0: Called Strike 2-1: Fielders Choice at 2nd, 5-4 (Groundball, 5, EV 105.6 MPH)
|
| Bottom of the 6th over - 0 runs, 1 hit, 0 errors, 1 left on base; Great Falls 7 - Greeneville 1 |
| TOP OF THE 7TH |
|
Great Falls Voyagers batting - Pitching for Greeneville Astros : LHP Chase Smith
|
|
Batting: RHB Andy Cotton
|
0-0: Foul Ball, location: 2F 0-1: Hit by Pitch
|
|
Batting: RHB Mitch Cuadros
|
0-0: Foul Ball, location: 2F 0-1: Called Strike 0-2: Ball 1-2: Ball 2-2: Fielders Choice at 2nd, 5-4 (Groundball, 5, EV 86.9 MPH)
|
|
Batting: RHB Jake Feinstein
|
0-0: Called Strike 0-1: Called Strike 0-2: Strikes out swinging
|
|
Batting: RHB Billy Grubbs
|
0-0: Ball 1-0: Foul Ball, location: 2F 1-1: Ball 2-1: Fly out, F6 (Popup, 4MS, EV 82.5 MPH)
|
| Top of the 7th over - 0 runs, 0 hits, 0 errors, 1 left on base; Great Falls 7 - Greeneville 1 |
| BOTTOM OF THE 7TH |
|
Greeneville Astros batting - Pitching for Great Falls Voyagers : RHP Mark Fedor
|
|
Batting: SHB Rory Mozer
|
0-0: Ball 1-0: Called Strike 1-1: Ball 2-1: Foul Ball, location: 2F 2-2: Ball 3-2: Fly out, F7 (Flyball, 7S, EV 82.5 MPH)
|
|
Batting: LHB Bob Neale
|
0-0: SOLO HOME RUN (Flyball, 9D, EV 96.2 MPH), Distance : 361 ft
|
|
Batting: RHB Josh Reisner
|
0-0: Ball 1-0: Foul Ball, location: 2F 1-1: Swinging Strike 1-2: Ball 2-2: Ball 3-2: Strikes out swinging
|
|
Batting: RHB Fernando Acosta
|
0-0: Ball 1-0: Called Strike 1-1: Ball 2-1: Foul Ball, location: 2F 2-2: Strikes out swinging
|
| Bottom of the 7th over - 1 run, 1 hit, 0 errors, 0 left on base; Great Falls 7 - Greeneville 2 |
| TOP OF THE 8TH |
|
Great Falls Voyagers batting - Pitching for Greeneville Astros : LHP Chase Smith
|
|
Batting: RHB Brad Adams Jr.
|
0-0: Ball 1-0: Called Strike 1-1: Swinging Strike 1-2: Ball 2-2: Strikes out swinging
|
|
Batting: RHB Enrique Gomez
|
0-0: Ground out U3 (Groundball, 34, EV 91.9 MPH)
|
|
Batting: RHB Bill Stern
|
0-0: Called Strike 0-1: Foul Ball, location: 2F 0-2: Ball 1-2: Hit by Pitch
|
|
Pitching: RHP Ernie Bell
|
|
|
Batting: RHB David Cortez
|
0-0: Reached on error, E6 (Groundball, 6, EV 108.1 MPH) Bill Stern to second
|
|
Batting: RHB Dave Dominguez
|
0-0: Ball 1-0: Called Strike 1-1: Ball 2-1: Called Strike 2-2: Ball 3-2: SINGLE (Flyball, 78S, EV 91.9 MPH) Bill Stern to third David Cortez to second Bill Stern scores David Cortez to third
|
|
Batting: RHB Andy Cotton
|
0-0: Ball 1-0: Foul Ball, location: 2F 1-1: Foul Ball, location: 2F 1-2: Ball 2-2: SINGLE (Groundball, 6, EV 93.8 MPH) David Cortez scores Dave Dominguez to second
|
|
Batting: RHB Mitch Cuadros
|
0-0: Swinging Strike 0-1: Called Strike 0-2: Foul Ball, location: 2F 0-2: Foul Ball, location: 2F 0-2: Strikes out swinging
|
| Top of the 8th over - 2 runs, 2 hits, 1 error, 2 left on base; Great Falls 9 - Greeneville 2 |
| BOTTOM OF THE 8TH |
|
Greeneville Astros batting - Pitching for Great Falls Voyagers : RHP Mark Fedor
|
|
Pitching: RHP Max Carter
|
|
|
Batting: RHB Kenny Beall
|
0-0: Called Strike 0-1: Swinging Strike 0-2: Ball 1-2: Ball 2-2: Foul Ball, location: 2F 2-2: Strikes out swinging
|
|
Batting: LHB Bert Middleton
|
0-0: Called Strike 0-1: Ball 1-1: Ball 2-1: Ground out 4-3 (Groundball, 4, EV 96.2 MPH)
|
|
Batting: RHB Bill Borden
|
0-0: Called Strike 0-1: Swinging Strike 0-2: Ball 1-2: Ball 2-2: Fly out, F7 (Flyball, 7D, EV 105.0 MPH)
|
| Bottom of the 8th over - 0 runs, 0 hits, 0 errors, 0 left on base; Great Falls 9 - Greeneville 2 |
| TOP OF THE 9TH |
|
Great Falls Voyagers batting - Pitching for Greeneville Astros : RHP Ernie Bell
|
|
Batting: RHB Jake Feinstein
|
0-0: Ball 1-0: Foul Ball, location: 2F 1-1: Ball 2-1: Ball 3-1: Base on Balls
|
|
Batting: RHB Billy Grubbs
|
0-0: Ball 1-0: Foul Ball, location: 2F 1-1: Fly out, F3 (Popup, 34S, EV 80.6 MPH)
|
|
Pitching: LHP Joe Sellick
|
|
|
Batting: RHB Brad Adams Jr.
|
0-0: Called Strike 0-1: Called Strike 0-2: SINGLE (Groundball, 34D, EV 100.6 MPH) Jake Feinstein to second Runner from 2nd tries for 3rd, SAFE, throw by RF made to third
|
|
Batting: RHB Enrique Gomez
|
0-0: Ball 1-0: Called Strike 1-1: Foul Ball, location: 2F 1-2: Strikes out looking
|
|
Batting: RHB Bill Stern
|
0-0: Ball Wild Pitch! Jake Feinstein scores Brad Adams Jr. to second 1-0: Called Strike 1-1: Swinging Strike 1-2: Foul Ball, location: 2F 1-2: Strikes out swinging
|
| Top of the 9th over - 1 run, 1 hit, 0 errors, 1 left on base; Great Falls 10 - Greeneville 2 |
| BOTTOM OF THE 9TH |
|
Greeneville Astros batting - Pitching for Great Falls Voyagers : RHP Max Carter
|
|
Batting: LHB Josh Glass
|
0-0: Ball 1-0: Ball 2-0: Called Strike 2-1: Called Strike 2-2: Strikes out swinging
|
|
Batting: LHB Guadalupe Gonzalez
|
0-0: Called Strike 0-1: Foul Ball, location: 2F 0-2: Strikes out swinging
|
|
Batting: SHB Rory Mozer
|
0-0: Ground out 4-3 (Groundball, 4, EV 86.2 MPH)
|
| Bottom of the 9th over - 0 runs, 0 hits, 0 errors, 0 left on base; Great Falls 10 - Greeneville 2 |
|